 Dungeon Crawl Stone Soup version 0.22.1-1-ga44c0e5 (webtiles) character file.

240 dohliylev the Covert (level 5, -6/35 HPs)
             Began as a Vampire Enchanter on Oct 5, 2018.
             Mangled by a wyvern zombie (12 damage)
             ... on level 4 of the Dungeon.
             The game lasted 00:09:53 (2471 turns).

dohliylev the Covert (Vampire Enchanter)            Turns: 2471, Time: 00:09:54

Health: -6/35      AC:  3    Str:  7    XL:     5   Next: 79%
Magic:  8/8        EV: 13    Int: 18    God:
Gold:   43         SH:  4    Dex: 15    Spells: 2/8 levels left

rFire    x . .     SeeInvis +   j - +2 dagger (venom)
rCold    + . .     Gourm    .   i - +0 buckler
rNeg     . . .     Faith    .   b - +0 robe
rPois    .         Spirit   .   (no helmet)
rElec    .         Reflect  .   s - +0 cloak
rCorr    .         Harm     .   (no gloves)
MR       .....                  (no boots)
Stlth    ++++......             (no amulet)
HPRegen  0.31/turn              a - ring of ice
MPRegen  0.11/turn              (no ring)

@: regenerating quickly
A: fangs 3, see invisible, unbreathing
a: no special abilities


You were on level 4 of the Dungeon.
You were very full.

You visited 1 branch of the dungeon, and saw 4 of its levels.

You collected 43 gold pieces.

Inventory:

Hand Weapons
 j - a +2 dagger of venom (weapon)
Armour
 b - a +0 robe (worn)
 i - a +0 buckler (worn)
 s - a +0 cloak (worn)
Jewellery
 a - a ring of ice (left hand)
Scrolls
 c - 2 scrolls of teleportation {unknown}
 g - a scroll of immolation {unknown}
 h - 2 scrolls of remove curse
 k - 2 scrolls of amnesia {unknown}
 n - a scroll of blinking {unknown}
 o - a scroll of identify {unknown}
 p - a scroll of enchant armour {unknown}
 r - a scroll of magic mapping {unknown}
Potions
 d - 15 potions of blood
 e - a potion of flight {unknown}
 f - 4 potions of curing
 l - a potion of cancellation {unknown}
 m - a potion of heal wounds {unknown}
 q - 2 potions of agility {unknown}
 t - a potion of mutation {unknown}


   Skills:
 - Level 1.1 Short Blades
 + Level 3.7 Dodging
 + Level 8.8 Stealth
 + Level 1.1 Shields
 - Level 2.0 Spellcasting
 - Level 4.4 Hexes
 - Level 0.1 Ice Magic


You had 2 spell levels left.
You knew the following spells:

 Your Spells              Type           Power        Failure   Level  Hunger
a - Corona                Hex            ###....      4%          1    #......
b - Tukima's Dance        Hex            ###.....     13%         3    ###....
c - Ensorcelled Hibernat  Hex/Ice        ###...       16%         2    ###....

Your spell library contained the following spells:

 Spells                   Type           Power        Failure   Level  Hunger
 Confuse                  Hex            ###.....     13%         3    ###....
 Dazzling Spray           Conj/Hex       #.....       30%         3    ###....


Dungeon Overview and Level Annotations

Branches:
Dungeon (4/15)
 Temple: D:4-7

Altars:
Hepliaklqana
Sif Muna


Innate Abilities, Weirdness & Mutations

Your natural rate of healing is unusually fast.
You have razor-sharp teeth.
You have supernaturally acute eyesight. (SInv)
You can survive without breathing.


Message History

You hit the wyvern zombie but do no damage.
The wyvern zombie is severely damaged.
The wyvern zombie completely misses you.
You hit the wyvern zombie.
The wyvern zombie is severely damaged.
The wyvern zombie misses you.
You hit the wyvern zombie.
The wyvern zombie is severely damaged.
The wyvern zombie barely misses you.
You hit the wyvern zombie but do no damage.
The wyvern zombie is severely damaged.
The wyvern zombie bites you! You block the quokka's attack.
The wyvern zombie bites you!
* * * LOW HITPOINT WARNING * * *
You closely miss the quokka. The quokka closely misses you.
You block the wyvern zombie's attack. The quokka bites you.
* * * LOW HITPOINT WARNING * * *
The wyvern zombie bites you!
You die...

## ..# ##.# #
...#####
#.#####..(...
...........#
......#....#####
#..Z.r......<
#.##@.####..
#..####.##
#.<.......
#...#.###..##
........# #
#.###.### # ..
≈.. ###


You could see a wyvern zombie and a quokka.

Vanquished Creatures
  An orc priest (D:3)
  An orc wizard (D:3)
  Natasha (twice) (D:2)
  3 gnolls (D:2)
  4 adders
  A worm (D:2)
  A dart slug (D:2)
  A leopard gecko (D:2)
  3 orcs (D:3)
  A ball python (D:3)
  A giant cockroach (D:1)
  7 goblins
  8 hobgoblins
  3 jackals (D:1)
  A quokka (D:3)
  6 bats
  2 frilled lizards
  8 kobolds
  7 rats
61 creatures vanquished.

Vanquished Creatures (collateral kills)
  A kobold (D:3)
1 creature vanquished.

Vanquished Creatures (others)
  3 dancing weapons
3 creatures vanquished.

Grand Total: 65 creatures vanquished

Notes
Turn   | Place    | Note
-------+----------+-------------------------------------------
     0 | D:1      | dohliylev the Vampire Enchanter began the quest for the
                  | Orb.
     0 | D:1      | Reached XP level 1. HP: 13/13 MP: 3/3
   108 | D:1      | Reached skill level 5 in Stealth
   283 | D:1      | Reached XP level 2. HP: 16/19 MP: 3/5
   873 | D:2      | Reached skill level 6 in Stealth
   873 | D:2      | Reached XP level 3. HP: 24/24 MP: 6/6
   878 | D:2      | Learned a level 3 spell: Tukima's Dance
   881 | D:2      | Learned a level 2 spell: Ensorcelled Hibernation
  1285 | D:2      | Reached XP level 4. HP: 7/30 MP: 3/7
  1426 | D:2      | Noticed Natasha
  1435 | D:2      | Killed Natasha
  1435 | D:2      | Reached skill level 7 in Stealth
  1524 | D:2      | Noticed Natasha
  1531 | D:2      | Killed Natasha
  1531 | D:2      | Reached XP level 5. HP: 35/35 MP: 3/8
  1755 | D:3      | Found a deep blue altar of Sif Muna.
  1815 | D:3      | Reached skill level 8 in Stealth
  1815 | D:3      | Reached skill level 1 in Shields
  2130 | D:3      | Found a hazy altar of Hepliaklqana.
  2471 | D:4      | Mangled by a wyvern zombie

Skill      XL: |  1  2  3  4  5 |
---------------+----------------+-----
Stealth        | 5 6 7 8 |  8.8
Dodging        | 3 |  3.7
Shields        | 1 |  1.1
Short Blades   | |  1.1
Spellcasting   | |  2.0
Hexes          | |  4.4
Ice Magic      | |  0.1

Action                   |  1- 3 |  4- 6 || total
-------------------------+-------+-------++-------
Melee: Dagger            |    83 |    53 ||   136
       Bite              |     7 |     3 ||    10
 Cast: Corona            |     3 |       ||     3
       Tukima's Dance    |     3 |     3 ||     6
       Ensorcelled Hiber |     1 |     2 ||     3
  Use: Potion            |     6 |     1 ||     7
       Scroll            |       |     1 ||     1
 Stab: Sleeping          |    12 |    11 ||    23
  Eat: Corpse            |     7 |     4 ||    11
Armor: Robe              |    16 |     3 ||    19
Dodge: Dodged            |    50 |    24 ||    74
Block: Buckler           |    16 |     6 ||    22
